HBL
NASHVILLE SOUNDS @ TACOMA RAINIERS
07/11/1997
 
TOP OF THE 1ST
Nashville Sounds batting - Pitching for Tacoma Rainiers : RHP Brian Rose
Pitching: RHP Brian Rose
Batting: RHB Danny Bautista 0-0: SINGLE (Groundball, 34D, EV 105.6 MPH)
Batting: LHB Carlos Mendoza 0-0: Ball
1-0: Ball
2-0: Foul Ball, location: 2F
2-1: Ball
3-1: Swinging Strike
3-2: Foul Ball, location: 2F
3-2: Strikes out swinging
Batting: RHB Paul Konerko 0-0: Ball
1-0: Ball
2-0: Ball
3-0: Base on Balls
Danny Bautista to second
Batting: SHB Raul Casanova 0-0: Ball
1-0: Called Strike
1-1: Ball
2-1: SINGLE (Flyball, 78M, EV 91.9 MPH)
Danny Bautista to third
Paul Konerko to second
Batting: RHB Eli Marrero 0-0: Called Strike
0-1: Ball
1-1: DOUBLE (Line Drive, 78XD, EV 100.0 MPH)
Danny Bautista scores
Paul Konerko scores
Raul Casanova to third
Batting: LHB Larry Sutton 0-0: Fly out, F8 (Flyball, 8LM, EV 89.4 MPH)
Batting: RHB Adam Riggs 0-0: Ball
1-0: Ball
2-0: Ball
3-0: Called Strike
3-1: Base on Balls
Batting: SHB Felix Martinez 0-0: Ball
1-0: Ball
2-0: Fielders Choice at 2nd, 6-4 (Groundball, 6, EV 103.1 MPH)
Top of the 1st over - 2 runs, 3 hits, 0 errors, 3 left on base; Nashville 2 - Tacoma 0
BOTTOM OF THE 1ST
Tacoma Rainiers batting - Pitching for Nashville Sounds : RHP Esteban Loaiza
Pitching: RHP Esteban Loaiza
Batting: LHB Dion James 0-0: Ball
1-0: Ball
2-0: Called Strike
2-1: Foul Ball, location: 2F
2-2: Strikes out swinging
Batting: LHB Daryl Boston 0-0: Foul Ball, location: 2F
0-1: Ball
1-1: Swinging Strike
1-2: Fly out, F3 (Flyball, 34D, EV 77.5 MPH)
Batting: LHB Chito Martinez 0-0: Swinging Strike
0-1: Ball
1-1: Foul Ball, location: 2F
1-2: Ball
2-2: Fly out, F7 (Line Drive, 7, EV 91.3 MPH)
Bottom of the 1st over - 0 runs, 0 hits, 0 errors, 0 left on base; Nashville 2 - Tacoma 0
TOP OF THE 2ND
Nashville Sounds batting - Pitching for Tacoma Rainiers : RHP Brian Rose
Batting: RHB Donnell Neal 0-0: Ground out 1-3 (Groundball, 34S, EV 69.4 MPH)
Batting: RHB Danny Bautista 0-0: Ball
1-0: SINGLE (Groundball, 34, EV 102.5 MPH) (infield hit)
Batting: LHB Carlos Mendoza 0-0: SINGLE (Flyball, 78S, EV 94.4 MPH)
Danny Bautista to second
Batting: RHB Paul Konerko 0-0: Ball
1-0: SINGLE (Groundball, 4MD, EV 97.5 MPH)
Danny Bautista to third
Carlos Mendoza to second
Batting: SHB Raul Casanova 0-0: Foul Ball, location: 2F
0-1: Ball
1-1: Ball
2-1: Fly out, F9 (Flyball, 89S, EV 90.6 MPH)
Batting: RHB Eli Marrero 0-0: Called Strike
0-1: Foul Ball, location: 2F
0-2: Ball
1-2: Ball
2-2: Fly out, F3 (Popup, 34, EV 68.1 MPH)
Top of the 2nd over - 0 runs, 3 hits, 0 errors, 3 left on base; Nashville 2 - Tacoma 0
BOTTOM OF THE 2ND
Tacoma Rainiers batting - Pitching for Nashville Sounds : RHP Esteban Loaiza
Batting: RHB Russ Davis 0-0: Ball
1-0: Ball
2-0: Called Strike
2-1: Reached on error, E1 (Groundball, 13, EV 80.0 MPH)
Batting: SHB Micah Franklin 0-0: Called Strike
0-1: Fly out, F6 (Popup, 6MS, EV 81.9 MPH)
Batting: RHB Jose Guillen 0-0: Called Strike
0-1: Called Strike
0-2: Ball
1-2: Foul Ball, location: 2F
1-2: Foul Ball, location: 2F
1-2: Ball
2-2: Fly out, F7 (Flyball, 7D, EV 88.8 MPH)
Batting: SHB Jason Bates 0-0: Fielders Choice at 2nd, 6-4 (Groundball, 6, EV 83.1 MPH)
Bottom of the 2nd over - 0 runs, 0 hits, 1 error, 1 left on base; Nashville 2 - Tacoma 0
TOP OF THE 3RD
Nashville Sounds batting - Pitching for Tacoma Rainiers : RHP Brian Rose
Batting: LHB Larry Sutton 0-0: Foul Ball, location: 2F
0-1: Ball
1-1: Ground out 6-3 (Groundball, 6, EV 86.3 MPH)
Batting: RHB Adam Riggs 0-0: Ball
1-0: Called Strike
1-1: SINGLE (Groundball, 4MD, EV 99.4 MPH)
Batting: SHB Felix Martinez 0-0: Foul Ball, location: 2F
0-1: Ball
1-1: Fly out, F7 (Flyball, 7LM, EV 91.3 MPH)
Batting: RHB Donnell Neal 0-0: Foul Ball, location: 2F
0-1: Ball
1-1: Foul Ball, location: 2F
1-2: Ball
2-2: Ball
3-2: Fly out, F5 (Line Drive, 5, EV 75.6 MPH)
Top of the 3rd over - 0 runs, 1 hit, 0 errors, 1 left on base; Nashville 2 - Tacoma 0
BOTTOM OF THE 3RD
Tacoma Rainiers batting - Pitching for Nashville Sounds : RHP Esteban Loaiza
Batting: RHB Ron Coomer 0-0: Called Strike
0-1: Ball
1-1: Called Strike
1-2: Ball
2-2: Ball
3-2: Base on Balls
Batting: LHB Greg O'Halloran 0-0: Called Strike
0-1: Foul Ball, location: 2F
0-2: Fly out, F7 (Flyball, 78S, EV 84.4 MPH)
Batting: LHB Dion James 0-0: Foul Ball, location: 2F
0-1: Ball
1-1: Swinging Strike
1-2: Foul Ball, location: 2F
1-2: Foul Ball, location: 2F
1-2: Strikes out swinging
Batting: LHB Daryl Boston 0-0: Ball
1-0: Foul Ball, location: 2F
1-1: Ball
2-1: Foul Ball, location: 2F
2-2: Ball
3-2: SINGLE (Line Drive, 89S, EV 100.6 MPH)
Ron Coomer to second
Ron Coomer to third
Batting: LHB Chito Martinez 0-0: Ball
1-0: Foul Ball, location: 2F
1-1: Foul Ball, location: 2F
1-2: Foul Ball, location: 2F
1-2: SINGLE (Groundball, 25, EV 70.0 MPH) (infield hit)
Ron Coomer scores
Daryl Boston to second
Batting: RHB Russ Davis 0-0: Called Strike
0-1: Ball
1-1: Fielders Choice at 2nd, 5-4 (Groundball, 56, EV 100.6 MPH)
Bottom of the 3rd over - 1 run, 2 hits, 0 errors, 2 left on base; Nashville 2 - Tacoma 1
TOP OF THE 4TH
Nashville Sounds batting - Pitching for Tacoma Rainiers : RHP Brian Rose
Batting: RHB Danny Bautista 0-0: Called Strike
0-1: Ball
1-1: Foul Ball, location: 2F
1-2: SOLO HOME RUN (Flyball, 78XD, EV 93.8 MPH), Distance : 416 ft
Batting: LHB Carlos Mendoza 0-0: Ball
1-0: Ball
2-0: Foul Ball, location: 2F
2-1: SINGLE (Line Drive, 78S, EV 94.4 MPH)
Batting: RHB Paul Konerko 0-0: Ball
1-0: Foul Ball, location: 2F
1-1: Called Strike
1-2: Foul Ball, location: 2F
1-2: Ball
2-2: Strikes out swinging
Batting: SHB Raul Casanova 0-0: Called Strike
0-1: Fly out, F8 (Line Drive, 8RD, EV 97.5 MPH)
Batting: RHB Eli Marrero 0-0: Ball
Wild Pitch!
Carlos Mendoza to second
1-0: Foul Ball, location: 2F
1-1: Ball
2-1: Ball
3-1: Called Strike
3-2: Ground out 1-3 (Groundball, 13S, EV 72.5 MPH)
Top of the 4th over - 1 run, 2 hits, 0 errors, 1 left on base; Nashville 3 - Tacoma 1
BOTTOM OF THE 4TH
Tacoma Rainiers batting - Pitching for Nashville Sounds : RHP Esteban Loaiza
Batting: SHB Micah Franklin 0-0: Ball
1-0: Fly out, F6 (Popup, 6D, EV 50.6 MPH)
Batting: RHB Jose Guillen 0-0: SINGLE (Line Drive, 34D, EV 103.8 MPH)
Batting: SHB Jason Bates 0-0: Swinging Strike
0-1: Ball
1-1: Foul Ball, location: 2F
1-2: SINGLE (Groundball, 6MD, EV 104.4 MPH)
Jose Guillen to second
Runner from 2nd tries for 3rd, SAFE, throw by CF made to third
Batting: RHB Ron Coomer 0-0: Ball
1-0: Called Strike
1-1: Foul Ball, location: 2F
1-2: Ball
2-2: Ball
3-2: Strikes out swinging
Batting: LHB Greg O'Halloran 0-0: Foul Ball, location: 2F
0-1: Ball
1-1: Foul Ball, location: 2F
1-2: Fielders Choice at 2nd, 5-4 (Groundball, 5, EV 89.4 MPH)
Bottom of the 4th over - 0 runs, 2 hits, 0 errors, 2 left on base; Nashville 3 - Tacoma 1
TOP OF THE 5TH
Nashville Sounds batting - Pitching for Tacoma Rainiers : RHP Brian Rose
Batting: LHB Larry Sutton 0-0: Swinging Strike
0-1: Ball
1-1: Called Strike
1-2: Strikes out swinging
Batting: RHB Adam Riggs 0-0: Ball
1-0: Fly out, F8 (Flyball, 8LD, EV 87.5 MPH)
Batting: SHB Felix Martinez 0-0: Ball
1-0: Ball
2-0: Fly out, F9 (Line Drive, 9, EV 96.3 MPH)
Top of the 5th over - 0 runs, 0 hits, 0 errors, 0 left on base; Nashville 3 - Tacoma 1
BOTTOM OF THE 5TH
Tacoma Rainiers batting - Pitching for Nashville Sounds : RHP Esteban Loaiza
Batting: LHB Dion James 0-0: Foul Ball, location: 2F
0-1: Ball
1-1: Foul Ball, location: 2F
1-2: Fly out, F7 (Flyball, 7, EV 73.8 MPH)
Batting: LHB Daryl Boston 0-0: Called Strike
0-1: Ball
1-1: Called Strike
1-2: Strikes out looking
Batting: LHB Chito Martinez 0-0: Ball
1-0: Ball
2-0: Called Strike
2-1: Called Strike
2-2: Ball
3-2: Foul Ball, location: 2F
3-2: Base on Balls
Batting: RHB Russ Davis 0-0: Ball
1-0: Swinging Strike
1-1: Hit by Pitch
Chito Martinez to second
Batting: SHB Micah Franklin 0-0: Called Strike
0-1: Called Strike
0-2: Ball
1-2: Foul Ball, location: 2F
1-2: Fly out, F8 (Flyball, 8RS, EV 81.3 MPH)
Bottom of the 5th over - 0 runs, 0 hits, 0 errors, 2 left on base; Nashville 3 - Tacoma 1
TOP OF THE 6TH
Nashville Sounds batting - Pitching for Tacoma Rainiers : RHP Brian Rose
Batting: RHB Donnell Neal 0-0: Called Strike
0-1: Ball
1-1: Swinging Strike
1-2: Strikes out swinging
Batting: RHB Danny Bautista 0-0: Ball
1-0: Called Strike
1-1: Swinging Strike
1-2: Ball
2-2: Fly out, F4 (Popup, 4S, EV 70.0 MPH)
Batting: LHB Carlos Mendoza 0-0: Ball
1-0: Called Strike
1-1: Foul Ball, location: 2F
1-2: Ball
2-2: Strikes out looking
Top of the 6th over - 0 runs, 0 hits, 0 errors, 0 left on base; Nashville 3 - Tacoma 1
BOTTOM OF THE 6TH
Tacoma Rainiers batting - Pitching for Nashville Sounds : RHP Esteban Loaiza
Batting: RHB Jose Guillen 0-0: Ball
1-0: Ball
2-0: Ground out 6-3 (Groundball, 6, EV 115.0 MPH)
Batting: SHB Jason Bates 0-0: Called Strike
0-1: Foul Ball, location: 2F
0-2: Ball
1-2: Ground out 1-3 (Groundball, 13, EV 63.8 MPH)
Batting: RHB Ron Coomer 0-0: Ball
1-0: Called Strike
1-1: Called Strike
1-2: Foul Ball, location: 2F
1-2: Strikes out swinging
Bottom of the 6th over - 0 runs, 0 hits, 0 errors, 0 left on base; Nashville 3 - Tacoma 1
TOP OF THE 7TH
Nashville Sounds batting - Pitching for Tacoma Rainiers : RHP Brian Rose
Pitching: RHP Bob Wickman
Batting: RHB Paul Konerko 0-0: Ball
1-0: SINGLE (Line Drive, 78M, EV 98.1 MPH)
Batting: SHB Raul Casanova 0-0: Called Strike
0-1: Ball
1-1: Foul Ball, location: 2F
1-2: Ball
2-2: SINGLE (Groundball, 4MD, EV 97.5 MPH)
Paul Konerko to second
Batting: RHB Eli Marrero 0-0: Foul Ball, location: 2F
0-1: Swinging Strike
0-2: Ball
1-2: Strikes out swinging
Batting: LHB Larry Sutton 0-0: Ball
1-0: SINGLE (Groundball, 6, EV 105.0 MPH) (infield hit)
Paul Konerko to third
Raul Casanova to second
Batting: RHB Adam Riggs 0-0: Ball
1-0: Foul Ball, location: 2F
1-1: Called Strike
1-2: Ball
2-2: Strikes out swinging
Batting: SHB Felix Martinez 0-0: Called Strike
0-1: Ball
1-1: Foul Ball, location: 2F
1-2: Ball
2-2: Ball
3-2: Strikes out swinging
Top of the 7th over - 0 runs, 3 hits, 0 errors, 3 left on base; Nashville 3 - Tacoma 1
BOTTOM OF THE 7TH
Tacoma Rainiers batting - Pitching for Nashville Sounds : RHP Esteban Loaiza
Batting: LHB Greg O'Halloran 0-0: Fly out, F9 (Flyball, 9S, EV 83.8 MPH)
Batting: LHB Dion James 0-0: Ball
1-0: Swinging Strike
1-1: Foul Ball, location: 2F
1-2: Fly out, F7 (Flyball, 7D, EV 95.6 MPH)
Batting: LHB Daryl Boston 0-0: Foul Ball, location: 2F
0-1: Fly out, F9 (Line Drive, 9, EV 102.5 MPH)
Bottom of the 7th over - 0 runs, 0 hits, 0 errors, 0 left on base; Nashville 3 - Tacoma 1
TOP OF THE 8TH
Nashville Sounds batting - Pitching for Tacoma Rainiers : RHP Bob Wickman
Batting: RHB Donnell Neal 0-0: Ball
1-0: Ball
2-0: Called Strike
2-1: SINGLE (Line Drive, 89S, EV 90.6 MPH)
Pitching: LHP Billy Brewer
Batting: RHB Danny Bautista 0-0: Ball
Pickoff Throw to First - Out! 1-3
1-0: Fly out, F7 (Flyball, 7LM, EV 87.5 MPH)
Batting: LHB Carlos Mendoza 0-0: Called Strike
0-1: Swinging Strike
0-2: Strikes out looking
Top of the 8th over - 0 runs, 1 hit, 0 errors, 0 left on base; Nashville 3 - Tacoma 1
BOTTOM OF THE 8TH
Tacoma Rainiers batting - Pitching for Nashville Sounds : RHP Esteban Loaiza
Pitching: RHP Jose RF Santiago
Batting: LHB Chito Martinez 0-0: Foul Ball, location: 2F
0-1: Foul Ball, location: 2F
0-2: Ball
1-2: Ball
2-2: Fly out, F7 (Flyball, 78S, EV 90.0 MPH)
Batting: RHB Russ Davis 0-0: Ball
1-0: Ground out 2-3 (Groundball, 2R, EV 75.6 MPH)
Batting: SHB Micah Franklin 0-0: Called Strike
0-1: Swinging Strike
0-2: Ball
1-2: Strikes out looking
Bottom of the 8th over - 0 runs, 0 hits, 0 errors, 0 left on base; Nashville 3 - Tacoma 1
TOP OF THE 9TH
Nashville Sounds batting - Pitching for Tacoma Rainiers : LHP Billy Brewer
Batting: RHB Paul Konerko 0-0: Foul Ball, location: 2F
0-1: Ball
1-1: Ball
2-1: Foul Ball, location: 2F
2-2: Ball
3-2: Base on Balls
Batting: SHB Raul Casanova 0-0: Called Strike
0-1: Foul Ball, location: 2F
0-2: Foul Ball, location: 2F
0-2: Strikes out swinging
Batting: RHB Eli Marrero 0-0: Ball
1-0: Called Strike
1-1: SINGLE (Groundball, 34D, EV 102.5 MPH)
Paul Konerko to second
Runner from 2nd tries for 3rd, SAFE, throw by RF made to third
Batting: LHB Larry Sutton 0-0: Ball
1-0: Called Strike
1-1: Ball
2-1: Foul Ball, location: 2F
2-2: Ball
3-2: Base on Balls
Eli Marrero to second
Pitching: LHP Kevin Wickander
Batting: RHB Adam Riggs 0-0: Grounds into fielders choice 1-2 (Groundball, 23, EV 81.9 MPH)
Eli Marrero to third
Larry Sutton to second
Batting: SHB Felix Martinez 0-0: Ball
1-0: Ball
2-0: Ball
3-0: Base on Balls
Eli Marrero scores
Larry Sutton to third
Adam Riggs to second
Batting: RHB Donnell Neal 0-0: Ball
1-0: Fielders Choice at 2nd, 6-4 (Groundball, 56, EV 79.4 MPH)
Top of the 9th over - 1 run, 1 hit, 0 errors, 3 left on base; Nashville 4 - Tacoma 1
BOTTOM OF THE 9TH
Tacoma Rainiers batting - Pitching for Nashville Sounds : RHP Jose RF Santiago
Pitching: RHP Chad Fox
Batting: RHB Jose Guillen 0-0: Called Strike
0-1: Ball
1-1: Called Strike
1-2: Foul Ball, location: 2F
1-2: Ball
2-2: Strikes out swinging
Batting: SHB Jason Bates 0-0: Ball
1-0: Called Strike
1-1: Foul Ball, location: 2F
1-2: Fly out, F9 (Flyball, 9LS, EV 91.9 MPH)
Batting: RHB Ron Coomer 0-0: Called Strike
0-1: Called Strike
0-2: Ball
1-2: Strikes out swinging
Bottom of the 9th over - 0 runs, 0 hits, 0 errors, 0 left on base; Nashville 4 - Tacoma 1
Friday, March 6th, 2026 - OOTP Baseball 20.8 Build 74